 Dungeon Crawl Stone Soup version 0.31-a0-1074-g0b22e4e0f1 (webtiles) character file.

Game seed: 15689073829776172651

662038 pokeman the Archmage (level 27, 0/170 HPs)
             Began as a Deep Elf Hedge Wizard on Nov 27, 2023.
             Was the Champion of Vehumet.
             Slain by a death scarab (8 damage)
             ... while petrified
             ... on level 2 of the Tomb of the Ancients on Nov 29, 2023.
             The game lasted 04:32:41 (84867 turns).

pokeman the Archmage (Deep Elf Hedge Wizard)       Turns: 84867, Time: 04:32:42

Health: 0/170      AC: 29    Str:  7      XL:     27
Magic:  15/56      EV:  2    Int: 35 (37) God:    Vehumet [******]
Gold:   10343      SH:  0    Dex: 17      Spells: 14/80 levels left

rFire   + + .        I - staff of Nocich {rF+ Dex+3 Fire}
rCold   + + .        t - +3 buckler of Whack-A-Mole {rF+ rC+ rCorr}
rNeg    + + +        G - +0 ice dragon scales
rPois   ∞            N - +2 helmet {Int+3}
rElec   +            f - +2 cloak of an ice cave {*Corrode rElec rN+++ Will+}
rCorr   +            e - +0 pair of gloves of a wizard's laboratory {rPois}
SInv    .            Y - +2 pair of boots {Fly}
Will    ++++.        l - amulet of Eviuqeiwuu {Reflect Will+ SH+5}
Stlth   +            c - ring of fire
HPRegen 0.48/turn    g - ring of the Mage {Wiz Archmagi}
MPRegen 0.35/turn

%: corrode self (3%), reflection, wizardry (x1), archmagi
@: swift (expiring), petrified, flying, slowed, studying 2 skills, quick
A: talons 1
}: 4/15 runes: serpentine, barnacled, slimy, silver
a: Renounce Religion


You were on level 2 of the Tomb of the Ancients.
You worshipped Vehumet.
Vehumet was exalted by your worship.
You visited 13 branches of the dungeon, and saw 58 of its levels.
You visited 1 bazaar.
You also visited: Bailey, Gauntlet, Ice Cave and Desolation.

You collected 11806 gold pieces.
You spent 1463 gold pieces at shops.

Inventory:

Hand Weapons
 E - a +5 eudemon blade of holy wrath
 L - the +8 demon blade "Leech" {evervamp, Harm Drain rN+}
   (You took it off a hell knight on level 3 of the Crypt)

   rN+:       It protects you from negative energy.
   Drain:     It drains your maximum health when unequipped.
   Harm:      It increases damage dealt and taken.
Missiles
 u - 2 curare-tipped darts
 D - 11 throwing nets
Armour
 e - the +0 pair of gloves of a wizard's laboratory (worn) {rPois}
   (You found it in a Gauntlet)

   rPois:     It protects you from poison
 f - the +2 cloak of an ice cave (worn) {*Corrode rElec rN+++ Will+}
   (You found it in a Gauntlet)

   rElec:     It insulates you from electricity.
   rN+++:     It renders you almost immune to negative energy.
   Will+:     It increases your willpower.
   *Corrode:  It may corrode you when you take damage.
 t - the +3 buckler of Whack-A-Mole (worn) {rF+ rC+ rCorr}
   (You took it off a deep elf zephyrmancer on level 1 of the Elven Halls)

   rF+:       It protects you from fire.
   rC+:       It protects you from cold.
   rCorr:     It protects you from acid and corrosion.
 G - +0 ice dragon scales (worn)
 N - a +2 helmet of intelligence (worn)
 U - an orb of light
 Y - a +2 pair of boots of flying (worn)
Magical Staves
 I - the staff of Nocich (weapon) {rF+ Dex+3 Fire}
   (You found it on level 3 of the Elven Halls)

   [staff of fire]

   Base accuracy: +5 Base damage: 5 Base attack delay: 1.2 This weapon's minimum
   attack delay (0.6) is reached at skill level 12.
   Dex+3:     It affects your dexterity (+3).
   rF+:       It protects you from fire.
   Fire:      It increases the power of your Fire spells.
   It falls into the 'Staves' category.
   It is a one-handed weapon.
Jewellery
 c - a ring of fire (left hand)
 g - the ring of the Mage (right hand) {Wiz Archmagi}
   (You found it on level 2 of the Orcish Mines)

   [ring of wizardry]

   Wiz:       It improves your spell success rate.
   Archmagi:  It increases the power of your magical spells.
 i - a ring of poison resistance
 l - the amulet of Eviuqeiwuu (around neck) {Reflect Will+ SH+5}
   (You found it on level 2 of the Orcish Mines)

   [amulet of reflection]

   Reflect:   It reflects blocked missile attacks.
   Will+:     It increases your willpower.
   SH+5:      It affects your SH (+5).
 v - a +4 ring of protection
 C - a +5 ring of evasion
 F - the amulet of Xate {Spirit Stlth+}
   (You found it on level 3 of the Crypt)

   [amulet of guardian spirit]

   Spirit:    It causes incoming damage to be divided between your reserves of
   health and magic.
   Stlth+:    It makes you more stealthy.
 Q - a ring of ice
Wands
 a - a wand of iceblast (7)
 s - a wand of paralysis (11)
 x - a wand of digging (20)
 M - a wand of light (34)
 O - a wand of flame (16)
Scrolls
 k - 41 scrolls of teleportation
 n - 3 scrolls of enchant armour
 p - a scroll of vulnerability
 r - 7 scrolls of revelation
 y - 2 scrolls of poison
 H - 8 scrolls of blinking
Potions
 d - 2 potions of magic
 h - 27 potions of curing
 o - 11 potions of haste
 q - a potion of ambrosia
 w - 15 potions of heal wounds
 z - 4 potions of might
 B - a potion of lignification
 J - a potion of enlightenment
 P - a potion of resistance
 R - a potion of brilliance
Miscellaneous
 b - a box of beasts
 j - a phial of floods
 m - a phantom mirror
 A - a lightning rod (4/4)
 K - a tin of tremorstones (2/2)


   Skills:
 + Level 16.8 Fighting
 + Level 17.3 Armour
 - Level 3.0 Dodging
 - Level 3.0 Stealth
 - Level 6.0 Shields
 O Level 27 Spellcasting
 O Level 27 Conjurations
 - Level 1.1 Summonings
 * Level 17.9 Necromancy
 - Level 1.1 Translocations
 - Level 2.0 Transmutations
 O Level 27 Fire Magic
 - Level 1.0 Ice Magic
 - Level 1.0 Air Magic
 - Level 1.0 Earth Magic
 - Level 1.0 Poison Magic
 - Level 1.0 Evocations


You had 14 spell levels left.
You knew the following spells:

 Your Spells              Type           Power      Damage    Failure   Level
a - Magic Dart            Conj           100%       1d8       0%          1
b - Mephitic Cloud        Conj/Pois/Air  100%       N/A       1%          3
c - Call Imp              Summ           100%       N/A       1%          2
d - Blink                 Tloc           100%       N/A       1%          2
e - Foxfire               Conj/Fire      100%       2x1d9     0%          1
f - Fireball              Conj/Fire      100%       3d36      0%          5
g - Stone Arrow           Conj/Erth      100%       3d13      1%          3
h - Starburst             Conj/Fire      100%       6d25      0%          6
i - Lee's Rapid Deconstr  Erth           34%        3d17*     10%         5
j - Orb of Destruction    Conj           75%        9d17      1%          7
k - Ignition              Fire           100%       3d25      1%          8
l - Fire Storm            Conj/Fire      100%       8d25      1%          9
m - Bombard               Conj/Erth      60%        9d10      1%          6
n - Swiftness             Air            69%        N/A       3%          3
o - Freezing Cloud        Conj/Ice/Air   53%        6-21      1%          5

Your spell library contained the following spells:

 Spells                   Type           Power      Damage    Failure   Level
 Chain Lightning          Conj/Air       60%        3d80      73%         9
 Kiss of Death            Conj/Necr      100%       2d13      0%          1
 Necrotise                Necr           100%       1d9       0%          1
 Momentum Strike          Conj/Tloc      100%       3d10      0%          2
 Scorch                   Fire           100%       2d9       0%          2
 Static Discharge         Conj/Air       100%       3-8/arc   0%          2
 Sublimation of Blood     Necr           100%       N/A       0%          2
 Vampiric Draining        Necr           100%       2d13      0%          3
 Apportation              Tloc           100%       N/A       1%          1
 Freeze                   Ice            100%       1d10      1%          1
 Sandblast                Erth           100%       2d20      1%          1
 Slow                     Hex            100%       N/A       1%          1
 Sting                    Tmut/Pois      100%       1d8       1%          1
 Summon Small Mammal      Summ           100%       N/A       1%          1
 Cigotuvi's Dreadful Rot  Necr/Pois/Air  100%       N/A       1%          2
 Lesser Beckoning         Tloc           100%       N/A       1%          2
 Passwall                 Tmut/Erth      60%        N/A       1%          2
 Poisonous Vapours        Pois/Air       100%       N/A       1%          2
 Wereblood                Tmut           75%        N/A       1%          2
 Frozen Ramparts          Ice            100%       1d16      1%          3
 Hailstorm                Conj/Ice       100%       3d20      1%          3
 Ignite Poison            Fire/Tmut/Pois 100%       N/A       1%          3
 Anguish                  Hex/Necr       52%        N/A       1%          4
 Animate Dead             Necr           100%       N/A       1%          4
 Brom's Barrelling Bould  Conj/Erth      100%       2d11      1%          4
 Dispel Undead            Necr           100%       3d31      1%          4
 Iskenderun's Mystic Bla  Conj/Tloc      100%       2d19      1%          4
 Agony                    Necr           100%       N/A       1%          5
 Arcjolt                  Conj/Air       60%        1d70      1%          5
 Borgnjor's Vile Clutch   Necr/Erth      53%        N/A       1%          5
 Irradiate                Conj/Tmut      61%        3d32      1%          5
 Conjure Ball Lightning   Conj/Air       60%        3x3d22    1%          6
 Death Channel            Necr           65%        N/A       1%          6
 Plasma Beam              Fire/Air       85%        2x1d104   1%          6
 Ensorcelled Hibernation  Hex/Ice        100%       N/A       2%          2
 Jinxbite                 Hex            100%       N/A       2%          2
 Gell's Gravitas          Tloc           70%        N/A       3%          3
 Ozocubu's Armour         Ice            69%        N/A       3%          3
 Teleport Other           Tloc           70%        N/A       3%          3
 Airstrike                Air            34%        2d(5-21)  3%          4
 Olgreb's Toxic Radiance  Pois           69%        N/A       3%          4
 Confusing Touch          Hex            63%        N/A       5%          3
 Sigil of Binding         Hex            63%        N/A       5%          3
 Tukima's Dance           Hex            63%        N/A       5%          3
 Simulacrum               Ice/Necr       53%        N/A       6%          6
 Infestation              Necr           65%        N/A       8%          8
 Petrify                  Tmut/Erth      72%        N/A       10%         4
 Lehudib's Crystal Spear  Conj/Erth      60%        10d14     11%         8
 Animate Armour           Summ/Erth      100%       N/A       12%         4
 Manifold Assault         Tloc           70%        N/A       12%         4
 Passage of Golubria      Tloc           70%        N/A       12%         4
 Summon Ice Beast         Ice/Summ       69%        N/A       12%         4
 Summon Lightning Spire   Summ/Air       69%        N/A       12%         4
 Vhi's Electric Charge    Tloc/Air       100%       N/A       12%         4
 Dimensional Bullseye     Hex/Tloc       33%        N/A       14%         4
 Leda's Liquefaction      Hex/Erth       33%        N/A       14%         4
 Cause Fear               Hex            31%        N/A       17%         4
 Alistair's Intoxication  Tmut/Pois      48%        N/A       26%         5
 Haunt                    Necr/Summ      53%        N/A       28%         7
 Summon Forest            Summ/Tloc      35%        N/A       30%         5
 Eringya's Noxious Bog    Tmut/Pois      36%        4d6       34%         6
 Metabolic Englaciation   Hex/Ice        33%        N/A       36%         5
 Silence                  Hex/Air        33%        N/A       36%         5
 Summon Mana Viper        Hex/Summ       67%        N/A       36%         5
 Dispersal                Tloc           35%        N/A       83%         6
 Summon Cactus Giant      Summ           35%        N/A       83%         6
 Ozocubu's Refrigeration  Ice            34%        4d15      87%         7
 Enfeeble                 Hex            31%        N/A       100%        7
 Malign Gateway           Summ/Tloc      35%        N/A       100%        7
 Summon Hydra             Summ           35%        N/A       100%        7
 Discord                  Hex            31%        N/A       100%        8
 Disjunction              Tloc           35%        N/A       100%        8
 Summon Horrible Things   Summ           35%        N/A       100%        8
 Dragon's Call            Summ           35%        N/A       100%        9


Dungeon Overview and Level Annotations

Branches:
Dungeon (15/15)            Temple (1/1) D:7            Lair (5/5) D:9
 Shoals (4/4) Lair:3        Snake (4/4) Lair:3        Slime (5/5) Lair:5
    Orc (2/2) D:9             Elf (3/3) Orc:2        Vaults (5/5) D:13
  Crypt (3/3) Vaults:3       Tomb (2/3) Crypt:3      Depths (4/4) D:15
    Zot (5/5) Depths:4     Bailey (visited)           IceCv (visited)
Desolation (visited)      Gauntlet (visited)

Altars:
Ashenzari
Cheibriados
Dithmenos
Elyvilon
Fedhas
Gozag
Hepliaklqana
Kikubaaqudgha
Makhleb
Nemelex Xobeh
Okawaru
Qazlal
Ru
Sif Muna
Trog
Uskayaw
Vehumet
Wu Jian
Xom
Yredelemnul
Zin
The Shining One
Jiyva
Lugonu

Shops:
D:8 :?(=(   Orc:2 [*(:   Elf:3 (   Snake:1 (*=   Snake:2 (   Snake:4 *
Vaults:2 ([*   Vaults:4 (*?

Portals:
Hell: Depths:1 Depths:2 Depths:3 Depths:4
Abyss: Depths:3 Depths:4
Pandemonium: Depths:2
Ziggurat: Depths:1


Innate Abilities, Weirdness & Mutations

You have sharp toenails.


Message History

The death scarab blinks! x2
Your fire vortex blinks! x5
You blink.
Found 11 gold pieces.
The death scarab blinks!
The death scarab is engulfed in blazing flames.
The death scarab bites your fire vortex!
You have turned to stone.
You start to feel a little slower.
The death scarab bites your fire vortex!
The death scarab drains your fire vortex's vigour!
Your fire vortex seems to slow down.
The death scarab enters a dispersal trap!
The death scarab blinks!
Your fire vortex blinks!
The death scarab blinks!
Your fire vortex blinks! x2
The death scarab blinks!
Your fire vortex blinks! x5
The guardian mummy blinks!
You blink.
The death scarab blinks!
The death scarab enters a dispersal trap!
Your fire vortex blinks! x2
The guardian mummy blinks!
Your fire vortex blinks!
You blink.
The death scarab blinks!
You feel ready to blink again.
Your fire vortex hits the death scarab.
Your fire vortex burns the death scarab!
Your fire vortex dissipates!
The death scarab bites you.
* * * LOW HITPOINT WARNING * * *
The death scarab drains your vigour!
You feel as though you will be slow longer.
The death scarab bites you but does no damage. x2
A mummy comes into view.
The death scarab bites you!
* * * LOW HITPOINT WARNING * * *
The death scarab drains your vigour!
You feel as though you will be slow longer.
The death scarab bites you but does no damage.
The death scarab bites you!
You die...

*******#######'#########,,,,,*
*,,,,,,.......M........#,,,,,*
*,,,,,,...v............#**####
*,,,,,,................#,B...#
*,,,,,,...?...^...M..^.#.....#
*,,,,,,............^<..'^....#
*,,,,,,................#.^...#
*,,,*,,.$.v....BBB..#..#*#+###
*,,,*......###v.@...#..#,^,,,*
*,,,*.....#...#.....#..#,,,,,*
*,,,*....#.....#...°#.v#,,,^,*
*,,,,#.§#..^....#..#B..#,,^,,*
*....#..#.......#..#...#,,^,,*
*,...#.#.......?.#.#...#,,,^,*
*,,...##.........##.M.^#,,,,,*
*,,,..#...........#....#,,,,,*
*,,,,.##.........##...(#,,,,,*


You could see a guardian mummy, 4 death scarabs, a mummy and 3 friendly fire
vortices.

Vanquished Creatures
  the Royal Jelly (Slime:5)
  3 dread liches
  Mennas (Crypt:3)
  7 ancient liches
  2 juggernauts
  3 orbs of fire
  5 royal mummies
  9 Killer Klowns (Zot:5)
  Vashnia (Snake:4)
  Parghit (Depths:3)
  Boris (twice) (Vaults:2 Depths:3)
  Saint Roka (Orc:2)
  Margery (Crypt:3)
  2 curse toes
  A golden dragon (shapeshifter) (Vaults:5)
  10 golden dragons
  Nikola (Shoals:4)
  2 doom hounds (Zot:3)
  16 tentacled monstrosities
  6 electric golems
  Jorgrun (Shoals:3)
  25 Orb Guardians (Zot:5)
  6 liches
  The ghost of Sundig the Hoplite, an adept MiFi of Qazlal (Elf:3)
  2 walking earthen tomes
  A walking crystal tome (Depths:2)
  Mlioglotl (Snake:4)
  Grunn (Zot:3)
  2 deep elf master archers (Elf:3)
  3 deep elf blademasters
  5 titans
  6 quicksilver dragons
  2 walking divine tomes (Depths:3)
  17 sphinxes
  25 acid blobs
  Asterion (Vaults:1)
  2 krakens (Shoals:4)
  5 ancient champions
  Kirke (Snake:4)
  A death cob (Zot:4)
  Roxanne (Elf:3)
  11 shadow dragons
  4 draconian monks
  6 tengu reavers
  A revenant (Tomb:2)
  2 draconian knights (Zot:1)
  15 storm dragons
  14 azure jellies
  4 nagarajas (Snake:4)
  8 rockslimes
  11 fire giants
  5 deep elf sorcerers
  7 frost giants
  4 imperial myrmidons (Desolation)
  4 deep elf elementalists (Elf:3)
  8 draconian scorchers
  3 ghost moths
  An iron dragon (Depths:2)
  A draconian shifter (Zot:2)
  2 angels (Vaults:2)
  11 vault wardens
  7 quicksilver oozes
  3 curse skulls
  5 orc warlords
  4 ghouls
  3 spriggan defenders
  3 draconian stormcallers
  30 ironbound preservers
  2 formless jellyfish (Vaults:2)
  15 stone giants
  A reaper (Crypt:2)
  8 draconian annihilators
  6 war gargoyles
  A juggernaut skeleton (Crypt:3)
  6 ironbound thunderhulks
  10 very ugly things
  7 black draconians
  6 deep elf demonologists
  8 deep elf annihilators
  3 halazid warlocks (Desolation)
  12 green draconians
  10 vampire knights
  A minotaur (Gauntlet)
  Nessos (D:15)
  6 purple draconians
  7 yellow draconians
  6 dire elephants
  4 bennus (Tomb:2)
  12 red draconians
  10 white draconians
  5 spark wasps (Depths:2)
  8 merfolk impalers
  12 mummy priests
  2 eidola
  7 deep elf death magi
  5 merfolk javelineers
  11 fire dragons
  Josephine (D:15)
  7 ragged hierophants (Desolation)
  6 jiangshi
  12 ettins
  An entropy weaver (Vaults:2)
  12 peacekeepers (Desolation)
  7 great orbs of eyes
  12 yaktaur captains
  7 ice dragons
  A spriggan zombie (Crypt:3)
  5 deep elf high priests
  3 salamander tyrants (Snake:4)
  5 servants of whispers (Desolation)
  2 spriggan air magi
  8 hydras
  33 vault guards
  8 ironbound frosthearts
  3 merfolk avatars
  2 ogre magi (Vaults:5)
  4 boulder beetles
  5 centaur warriors
  3 death knights
  An alligator snapping turtle (Shoals:3)
  15 anacondas
  7 merfolk aquamancers
  28 dancing weapons
  3 two-headed ogres
  Erica (D:10)
  5 tengu warriors
  13 death yaks
  9 naga warriors
  A satyr (Shoals:4)
  4 hell hogs (Depths:1)
  10 deep troll shamans
  11 deep troll earth magi
  An orc high priest (Orc:2)
  A titan zombie (Tomb:1)
  3 occultists
  8 vampire magi
  7 naga sharpshooters
  Urug (D:11)
  8 shock serpents
  2 spriggans (Depths:4)
  4 spriggan berserkers
  21 deep elf knights
  2 skysharks
  15 hell knights
  5 sea snakes
  10 skeletal warriors
  5 salamander mystics
  10 iron trolls
  3 shadow wraiths
  A spectral death yak (Lair:5)
  A bunyip zombie (Crypt:3)
  12 flayed ghosts
  A titan skeleton (Vaults:5)
  89 deep trolls
  A spectral anaconda (Lair:5)
  2 glowing orange brains
  18 phantasmal warriors
  A golden dragon skeleton (Crypt:3)
  A bog body (Crypt:2)
  2 obsidian statues
  11 naga ritualists
  19 ironbound convokers
  5 arcanists
  11 lindwurms
  An anaconda skeleton (Crypt:3)
  35 deep elf pyromancers
  11 necromancers
  10 deep elf archers
  23 deep elf zephyrmancers
  12 mana vipers
  A bunyip skeleton (Crypt:2)
  11 harpies
  A frost giant zombie (Vaults:5)
  A glowing shapeshifter (Vaults:2)
  17 orc knights
  A shadow dragon skeleton (Crypt:3)
  2 orc sorcerers (Orc:2)
  20 fauns
  A tengu skeleton (Depths:2)
  6 cyclopes
  12 manticores
  38 ugly things
  8 shining eyes
  2 human zombies
  An iron dragon zombie (Crypt:2)
  11 elephants (Lair:5)
  2 stone giant zombies (Crypt:1)
  44 black mambas
  6 merfolk sirens
  A cyclops (shapeshifter) (Vaults:5)
  A frost giant skeleton (Depths:2)
  14 salamanders
  4 guardian serpents
  30 moths of wrath
  9 vault sentinels
  Joseph (D:8)
  3 eyes of devastation
  3 smoke demons (Crypt:3)
  4 gargoyles (Crypt:3)
  5 water nymphs (Shoals:4)
  2 large abominations (Depths:4)
  An eye of devastation (shapeshifter) (Depths:2)
  19 naga magi
  A dire elephant skeleton (Crypt:2)
  4 centaur skeletons
  A molten gargoyle (Desolation)
  An ice statue (IceCv)
  12 cane toads
  A catoblepas zombie (Crypt:1)
  3 unseen horrors
  4 rime drakes
  An efreet (D:15)
  Psyche (D:9)
  3 kobold demonologists
  28 yaktaurs
  6 tengu conjurers
  11 komodo dragons
  5 freezing wraiths
  4 spriggan skeletons
  4 red devils (Crypt:3)
  4 trolls
  A golden dragon simulacrum (Depths:2)
  7 guardian mummies
  3 meliai (D:15)
  26 merfolk
  3 harpy zombies
  A tarantella (shapeshifter) (D:13)
  8 glass eyes
  9 polar bears (IceCv)
  2 harpy skeletons
  70 saltlings (Desolation)
  10 blink frogs
  3 wind drakes
  2 ettin zombies
  3 hornets
  A blink frog (shapeshifter) (Vaults:4)
  A spectral elephant (Lair:5)
  7 snapping turtles
  150 slime creatures
  4 air elementals
  3 flying skulls (Tomb:2)
  A satyr skeleton (Crypt:2)
  A ynoxinul (Gauntlet)
  3 vampires (Crypt:3)
  An ettin skeleton (Vaults:1)
  5 wyverns
  5 centaur simulacra
  15 water elementals
  5 hogs (Snake:4)
  5 ushabtiu (Tomb:1)
  6 shadows
  27 yaks
  11 wraiths
  3 fire bats (Depths:4)
  4 steam dragons
  6 fire elementals
  7 basilisks
  3 redbacks (Vaults:2)
  6 vampire mosquitoes (D:14)
  A death yak simulacrum (Lair:5)
  6 chaos spawn
  A redback (shapeshifter) (Depths:3)
  A glowing shapeshifter zombie (Vaults:1)
  32 nagas
  2 harpy simulacra
  A skyshark zombie (Crypt:2)
  3 swamp worms (Gauntlet)
  11 wargs
  A naga zombie (Crypt:3)
  A spectral cane toad (Lair:5)
  3 acid dragons
  21 water moccasins
  A naga skeleton (Crypt:3)
  59 orc warriors
  A black bear (D:7)
  4 manticore zombies (Shoals:1)
  2 elephant zombies (Lair:5)
  A swamp dragon zombie (Crypt:1)
  An ice beast (D:7)
  A sky beast (D:6)
  7 small abominations (Depths:4)
  15 ogres
  4 boggarts
  6 centaurs
  58 wolves
  An elephant skeleton (Lair:5)
  A phantom (D:7)
  3 kobold brigands
  A draconian zombie (Crypt:2)
  7 bullfrogs
  A cyclops zombie (Crypt:1)
  An earth elemental (Elf:3)
  3 gnoll sergeants
  3 necrophages (Crypt:2)
  5 scorpions
  A cane toad simulacrum (Lair:5)
  5 wights
  A wyvern skeleton (Crypt:2)
  A water moccasin skeleton (D:3)
  10 electric eels
  2 hounds
  4 jellies
  A gnoll bouda (D:7)
  28 orc priests
  4 iguanas
  3 iron imps (Gauntlet)
  4 sleepcaps
  Natasha (thrice) (D:2)
  36 orc wizards
  A hound zombie (D:3)
  13 mummies
  2 howler monkey skeletons
  Robin (D:2)
  2 adders
  13 gnolls
  A swamp drake skeleton (Crypt:1)
  A shadow imp (D:6)
  2 white imps (D:6)
  An ufetubus (D:5)
  An adder zombie (D:3)
  A jelly zombie (Crypt:1)
  3 adder skeletons (D:3)
  2 worms
  A dart slug (D:2)
  115 orcs
  6 endoplasms
  5 giant cockroaches
  9 goblins
  8 hobgoblins
  6 quokkas
  5 ball pythons
  2 bats (D:2)
  2 frilled lizards
  A gnoll skeleton (Crypt:1)
  A hobgoblin skeleton (Crypt:1)
  21 kobolds
  6 rats
  3 tentacles (Shoals:4)
2593 creatures vanquished.

Vanquished Creatures (collateral kills)
  A royal mummy (Tomb:2)
  A hellephant (Depths:1)
  A tentacled monstrosity (Depths:3)
  A death cob (Zot:3)
  A rockslime (Slime:5)
  A vault warden (Vaults:5)
  A draconian scorcher (Zot:3)
  A ghoul (Crypt:2)
  A stone giant (Depths:2)
  An ironbound preserver (Vaults:3)
  A red draconian (Zot:3)
  A purple draconian (Zot:3)
  A vault guard (Vaults:5)
  An iron troll (Depths:1)
  2 deep elf zephyrmancers (Elf:2)
  A large abomination (Depths:4)
  2 moths of wrath (Zot:2)
  A dire elephant zombie (Tomb:1)
  A formless jellyfish zombie (Crypt:2)
  A dire elephant skeleton (Tomb:2)
  A slime creature (Vaults:4)
  A shadow (Crypt:3)
  An ushabti (Tomb:1)
  A glowing shapeshifter skeleton (Depths:2)
  A small abomination (Depths:4)
  Terence (D:2)
  2 mummies
  An ufetubus (D:5)
  2 kobolds (D:9)
33 creatures vanquished.

Vanquished Creatures (others)
  2 humans (Snake:4)
  An orc (D:9)
  547 fire vortices
  987 foxfires
  5 tentacles (Shoals:4)
1542 creatures vanquished.

Grand Total: 4168 creatures vanquished

Notes
Turn   | Place    | Note
-------+----------+-------------------------------------------
     0 | D:1      | pokeman the Deep Elf Hedge Wizard began the quest for the
                  | Orb.
     0 | D:1      | Reached XP level 1. HP: 10/10 MP: 7/7
   444 | D:1      | Reached XP level 2. HP: 15/15 MP: 7/9
   871 | D:1      | Found a faded altar of an unknown god.
   972 | D:2      | Noticed Natasha
  1137 | D:2      | Reached skill level 5 in Spellcasting
  1137 | D:2      | Reached XP level 3. HP: 18/20 MP: 4/11
  1144 | D:2      | Learned a level 3 spell: Mephitic Cloud
  1147 | D:2      | Learned a level 2 spell: Call Imp
  1150 | D:2      | Learned a level 2 spell: Blink
  1421 | D:2      | Noticed Terence
  1446 | D:2      | Killed Terence
  1447 | D:2      | Reached skill level 1 in Fighting
  1447 | D:2      | Reached skill level 1 in Armour
  1501 | D:2      | Noticed Robin
  1518 | D:2      | Killed Robin
  1519 | D:2      | Reached XP level 4. HP: 25/25 MP: 3/13
  1842 | D:2      | Killed Natasha
  1961 | D:2      | Noticed Natasha
  1967 | D:2      | Killed Natasha
  1968 | D:2      | Reached XP level 5. HP: 17/29 MP: 7/15
  2174 | D:2      | Noticed Natasha
  2179 | D:2      | Killed Natasha
  2235 | D:3      | Found a stormy altar of Qazlal.
  2239 | D:3      | Noticed a fire elemental
  2239 | D:3      | Noticed a water elemental
  2239 | D:3      | Noticed an air elemental
  2384 | D:3      | Reached skill level 1 in Evocations
  2599 | D:3      | Identified the +1 leather armour of the Elven Halls {rC+++
                  | Regen+ Dex-2}
  2999 | D:3      | Reached skill level 1 in Poison Magic
  3090 | D:3      | Found a glowing silver altar of Zin.
  3465 | D:4      | Reached skill level 1 in Air Magic
  3538 | D:4      | Found an ancient bone altar of Kikubaaqudgha.
  3538 | D:4      | Found a shimmering altar of Xom.
  3538 | D:4      | Found a bloodstained altar of Trog.
  3541 | D:4      | Found a radiant altar of Vehumet.
  3547 | D:4      | Became a worshipper of Vehumet
  3572 | D:4      | Reached XP level 6. HP: 34/34 MP: 1/17
  3733 | D:4      | Learned a level 1 spell: Foxfire
  4088 | D:5      | Entered Level 5 of the Dungeon
  4217 | D:5      | Reached skill level 1 in Fire Magic
  4300 | D:5      | Reached XP level 7. HP: 39/39 MP: 10/20
  4503 | D:5      | Reached * piety under Vehumet
  4503 | D:5      | Offered knowledge of Shock by Vehumet.
  4837 | D:5      | Learned a level 3 spell: Stone Arrow
  4908 | D:5      | Reached XP level 8. HP: 30/44 MP: 16/22
  5370 | D:6      | Reached skill level 1 in Earth Magic
  5660 | D:6      | Reached skill level 5 in Conjurations
  6000 | D:6      | Found a sparkling altar of Nemelex Xobeh.
  6024 | D:6      | Reached skill level 10 in Spellcasting
  6659 | D:7      | Reached XP level 9. HP: 43/49 MP: 17/25
  6837 | D:7      | Reached skill level 5 in Fire Magic
  7202 | D:7      | Reached ** piety under Vehumet
  7202 | D:7      | Offered knowledge of Scorch by Vehumet.
  7224 | D:7      | Found a staircase to the Ecumenical Temple.
  7396 | D:8      | Found Qakagus's Book Shop.
  7522 | D:8      | Found Xaecsis's Magic Scroll Emporium.
  7532 | D:8      | Bought a scroll of identify for 24 gold pieces
  7532 | D:8      | Bought a scroll of teleportation for 36 gold pieces
  7532 | D:8      | Bought a scroll of teleportation for 36 gold pieces
  7532 | D:8      | Bought a scroll of identify for 24 gold pieces
  7532 | D:8      | Bought a scroll of identify for 24 gold pieces
  7714 | D:8      | Noticed Joseph
  7741 | D:8      | Killed Joseph
  7869 | D:8      | Found Edaj's Antique Weapon Emporium.
  7874 | D:8      | Found Viptay's Jewellery Shoppe.
  7924 | D:8      | Noticed a +0 demon whip
  7926 | D:8      | Found Pemeusoam's Weapon Boutique.
  7953 | D:8      | Noticed a +0 giant spiked club
  8246 | D:9      | Found a flagged portal.
  8273 | Bailey   | Entered a bailey
  8328 | Bailey   | Offered knowledge of Poisonous Vapours by Vehumet.
  8397 | Bailey   | Reached XP level 10. HP: 53/56 MP: 14/28
  8407 | Bailey   | Reached *** piety under Vehumet
  8543 | Bailey   | Noticed an orc knight
  8579 | Bailey   | Killed an orc knight
  8803 | Bailey   | Noticed an orc knight
  8879 | Bailey   | Killed an orc knight
  9365 | D:9      | Offered knowledge of Dazzling Flash by Vehumet.
  9669 | D:9      | Found a staircase to the Orcish Mines.
  9845 | D:9      | Found a staircase to the Lair.
  9845 | D:9      | Noticed Psyche
  9932 | D:9      | Killed Psyche
  9939 | D:9      | Reached **** piety under Vehumet
 10098 | D:9      | Offered knowledge of Sticky Flame by Vehumet.
 10315 | D:9      | Reached XP level 11. HP: 40/61 MP: 24/31
 10390 | D:9      | Noticed a centaur warrior
 10402 | D:9      | Killed a centaur warrior
 10673 | D:9      | Learned a level 6 spell: Starburst
 10674 | D:10     | Entered Level 10 of the Dungeon
 10674 | D:10     | Noticed Erica
 10674 | D:10     | Found a hazy altar of Hepliaklqana.
 10681 | D:10     | Killed Erica
 10956 | D:10     | Found a white marble altar of Elyvilon.
 11172 | D:10     | Reached skill level 15 in Spellcasting
 11258 | D:10     | Reached skill level 5 in Armour
 11511 | D:11     | Noticed a boulder beetle
 11522 | D:11     | Killed a boulder beetle
 12164 | D:11     | Noticed Urug
 12172 | D:11     | Killed Urug
 12977 | D:12     | Noticed a red ugly thing
 12982 | D:12     | Killed a red ugly thing
 13256 | D:12     | Reached ***** piety under Vehumet
 13256 | D:12     | Offered knowledge of Spellforged Servitor by Vehumet.
 13657 | D:12     | Reached skill level 5 in Fighting
 13805 | D:12     | Noticed a two-headed ogre
 13811 | D:12     | Killed a two-headed ogre
 13812 | D:12     | Reached XP level 12. HP: 68/68 MP: 22/34
 14388 | D:13     | You fall into a shaft and drop 2 floors!
 14388 | D:15     | Entered Level 15 of the Dungeon
 14393 | D:15     | Noticed a fire dragon
 14401 | D:15     | Noticed Nessos
 14401 | D:15     | Noticed a tengu warrior
 14406 | D:15     | Killed Nessos
 14407 | D:15     | Reached skill level 10 in Conjurations
 14412 | D:15     | Killed a tengu warrior
 14452 | D:15     | Found a shimmering blue altar of Sif Muna.
 14545 | D:14     | Noticed a boulder beetle
 14555 | D:14     | Killed a boulder beetle
 14617 | D:14     | Noticed a centaur warrior
 14623 | D:14     | Killed a centaur warrior
 14624 | D:14     | Reached skill level 10 in Fire Magic
 14999 | D:13     | Noticed a centaur warrior
 15007 | D:13     | Killed a centaur warrior
 15213 | D:13     | Found a gate to the Vaults.
 16053 | D:8      | Bought a scroll of acquirement for 624 gold pieces
 16055 | D:8      | Acquired a +2 pair of boots of flying
 16129 | Temple   | Found a transporter.
 16129 | Temple   | Found a transporter.
 16129 | Temple   | Found a transporter.
 16129 | Temple   | Found a transporter.
 16129 | Temple   | Entered the Ecumenical Temple
 16214 | Lair:1   | Entered Level 1 of the Lair of Beasts
 16248 | Lair:1   | Found a gate leading to a gauntlet.
 16257 | Gauntlet | Entered a Gauntlet
 16257 | Gauntlet | Found a transporter.
 16257 | Gauntlet | Found a large runed translucent door.
 16257 | Gauntlet | Found a large runed translucent door.
 16257 | Gauntlet | Found a large runed translucent door.
 16257 | Gauntlet | Found a large runed translucent door.
 16257 | Gauntlet | Found a runed translucent door.
 16257 | Gauntlet | Found a runed translucent door.
 16257 | Gauntlet | Found a large runed translucent door.
 16257 | Gauntlet | Found a large runed translucent door.
 16257 | Gauntlet | Found a large runed translucent door.
 16257 | Gauntlet | Found a large runed translucent door.
 16257 | Gauntlet | Found a large runed translucent door.
 16257 | Gauntlet | Found a large runed translucent door.
 16258 | Gauntlet | Found a large runed translucent door.
 16258 | Gauntlet | Found a large runed translucent door.
 16263 | Gauntlet | Found a large runed translucent door.
 16263 | Gauntlet | Found a large runed translucent door.
 16264 | Gauntlet | Found a runed translucent gate.
 16264 | Gauntlet | Found a runed translucent gate.
 16264 | Gauntlet | Found a runed translucent gate.
 16266 | Gauntlet | Found a transporter.
 16268 | Gauntlet | Found a transporter.
 16277 | Gauntlet | Found a transporter.
 16290 | Gauntlet | Found a transporter.
 16292 | Gauntlet | Noticed a quicksilver ooze
 16296 | Gauntlet | Found a transporter.
 16311 | Gauntlet | Found a transporter.
 16330 | Gauntlet | Found a transporter.
 16342 | Gauntlet | Found a transporter.
 16354 | Gauntlet | Found a transporter.
 16366 | Gauntlet | Found a transporter.
 16378 | Gauntlet | Found a transporter.
 16396 | Gauntlet | Found a transporter.
 16413 | Gauntlet | Found a transporter.
 16415 | Gauntlet | Found a transporter.
 16435 | Gauntlet | Found a large runed translucent door.
 16436 | Gauntlet | Found a large runed translucent door.
 16444 | Gauntlet | Found a transporter.
 16446 | Gauntlet | Found a transporter.
 16487 | Gauntlet | Found a transporter.
 16571 | Gauntlet | Reached XP level 13. HP: 61/74 MP: 28/37
 16579 | Gauntlet | Identified the +0 pair of gloves of a wizard's laboratory
                  | {rPois}
 16709 | Gauntlet | Identified the +2 cloak of an ice cave {*Corrode rElec
                  | rN+++ Will+}
 16761 | Gauntlet | Identified the +3 shortbow of Greed {flame, rPois Str+5
                  | Int-3}
 16761 | Gauntlet | Noticed a minotaur
 16769 | Gauntlet | Killed a minotaur
 18422 | Lair:2   | Reached skill level 1 in Shields
 19218 | Lair:3   | Found a frozen archway.
 19225 | IceCv    | Entered an ice cave
 19273 | IceCv    | Offered knowledge of Fireball by Vehumet.
 19280 | IceCv    | Learned a level 5 spell: Fireball
 19980 | IceCv    | Reached XP level 14. HP: 80/80 MP: 25/40
 21122 | Lair:3   | Found a staircase to the Snake Pit.
 21502 | Lair:3   | Found a staircase to the Shoals.
 22420 | Lair:4   | Offered knowledge of Ozocubu's Refrigeration by Vehumet.
 22846 | Lair:5   | Entered Level 5 of the Lair of Beasts
 23264 | Lair:5   | Identified the +0 ring mail of Fitaytri {rPois Will++}
 23330 | Lair:5   | Found a viscous altar of Jiyva.
 23330 | Lair:5   | Found a staircase to the Slime Pits.
 24254 | Lair:5   | Reached skill level 5 in Shields
 24528 | Lair:5   | Identified the +0 rapier "Kasi" {heavy, rCorr Str-4 Dex+3}
 25136 | Orc:1    | Entered Level 1 of the Orcish Mines
 25200 | Orc:2    | Entered Level 2 of the Orcish Mines
 25205 | Orc:2    | Reached XP level 15. HP: 84/84 MP: 23/42
 25868 | Orc:2    | Offered knowledge of Conjure Ball Lightning by Vehumet.
 26495 | Orc:2    | Found a staircase to the Elven Halls.
 27144 | Orc:2    | Noticed Saint Roka
 27184 | Orc:2    | Killed Saint Roka
 27452 | Orc:2    | Found Guudoygg's Antique Armour Shoppe.
 27457 | Orc:2    | Found Fixteduph's Antique Weapon Shoppe.
 27534 | Orc:2    | Found Pyem's General Store.
 27554 | Orc:2    | Bought a potion of curing for 45 gold pieces
 27580 | Orc:2    | Found Ijiceu's Book Shoppe.
 27935 | Orc:2    | Found the ring of the Mage {Wiz Archmagi}
 27940 | Orc:2    | Identified the amulet of Eviuqeiwuu {Reflect Will+ SH+5}
 28351 | D:14     | Found a blossoming altar of Fedhas.
 28376 | D:14     | Reached skill level 1 in Necromancy
 29678 | Shoals:1 | Entered Level 1 of the Shoals
 29892 | Shoals:1 | Reached ****** piety under Vehumet
 31219 | Shoals:2 | You are sucked into a shaft and drop 1 floor!
 31225 | Shoals:3 | Offered knowledge of Lee's Rapid Deconstruction by Vehumet.
 31234 | Shoals:3 | Noticed Jorgrun
 31598 | Shoals:3 | Reached XP level 16. HP: 81/92 MP: 36/45
 31744 | Shoals:3 | Killed Jorgrun
 32899 | Shoals:3 | Learned a level 5 spell: Lee's Rapid Deconstruction
 32941 | Shoals:4 | Entered Level 4 of the Shoals
 33528 | Shoals:4 | Noticed a kraken
 33531 | Shoals:4 | Killed a kraken
 33770 | Shoals:4 | Noticed Nikola
 33776 | Shoals:4 | Killed Nikola
 33777 | Shoals:4 | Reached skill level 15 in Conjurations
 33869 | Shoals:4 | Noticed a kraken
 33873 | Shoals:4 | Killed a kraken
 34123 | Shoals:4 | Offered knowledge of Arcjolt by Vehumet.
 34504 | Shoals:4 | Identified the +1 falchion of the Morning {flame, rC- rN++
                  | Str+3}
 34615 | Shoals:4 | Got a barnacled rune of Zot
 35326 | Snake:1  | Entered Level 1 of the Snake Pit
 35333 | Snake:1  | Reached skill level 15 in Fire Magic
 35604 | Snake:1  | Found Zaeliet's Jewellery Shop.
 35606 | Snake:1  | Found Meillyfu's Assorted Antiques.
 35609 | Snake:1  | Found Petufoh's Weapon Shop.
 35614 | Snake:1  | Bought a grey potion for 29 gold pieces
 35808 | Snake:1  | Reached XP level 17. HP: 87/96 MP: 36/47
 36711 | Snake:2  | Offered knowledge of Orb of Destruction by Vehumet.
 36723 | Snake:1  | Learned a level 7 spell: Orb of Destruction
 37376 | Snake:2  | Found Tualej's Weapon Shop.
 38779 | Snake:4  | Entered Level 4 of the Snake Pit
 38902 | Snake:4  | Offered knowledge of Fire Storm by Vehumet.
 38902 | Snake:4  | Offered knowledge of Chain Lightning by Vehumet.
 38902 | Snake:4  | Offered knowledge of Ignition by Vehumet.
 38922 | Snake:3  | Learned a level 9 spell: Fire Storm
 39459 | Snake:4  | Found Piaddias's Overcharged Wands.
 39534 | Snake:4  | Noticed Kirke
 39539 | Snake:4  | Killed Kirke
 39795 | Snake:4  | Noticed Vashnia
 39804 | Snake:4  | Killed Vashnia
 39959 | Snake:4  | Reached XP level 18. HP: 100/103 MP: 20/50
 40277 | Snake:4  | Noticed Mlioglotl
 40284 | Snake:4  | Killed Mlioglotl
 40850 | Snake:4  | Got a serpentine rune of Zot
 41353 | Temple   | Learned a level 8 spell: Ignition
 41621 | D:15     | Noticed Josephine
 41623 | D:15     | Killed Josephine
 42166 | D:15     | Found a staircase to the Depths.
 42945 | Elf:1    | Entered Level 1 of the Elven Halls
 43099 | Elf:1    | Reached skill level 27 in Spellcasting
 43275 | Elf:1    | Identified the +3 buckler of Whack-A-Mole {rF+ rC+ rCorr}
 43393 | Elf:1    | Paralysed by an air elemental for 1 turns
 43395 | Elf:1    | Paralysed by an air elemental for 1 turns
 44848 | Elf:2    | Found a huge runed translucent gate.
 44848 | Elf:2    | Found a huge runed translucent gate.
 44848 | Elf:2    | Found a huge runed translucent gate.
 44848 | Elf:2    | Found a huge runed translucent gate.
 44848 | Elf:2    | Found a huge runed translucent gate.
 45222 | Elf:3    | Entered Level 3 of the Elven Halls
 45231 | Elf:3    | Found a runed translucent door.
 45237 | Elf:3    | Noticed Sundig's ghost (adept MiFi)
 45413 | Elf:3    | Reached XP level 19. HP: 110/110 MP: 52/52
 46046 | Elf:3    | Identified the +6 morningstar of Fortitude {protect, rPois
                  | Int+3 Stlth-}
 46322 | Elf:3    | Found an ancient bone altar of Kikubaaqudgha.
 46394 | Elf:3    | Found Wemisuki's Antique Weapon Emporium.
 46486 | Elf:3    | Identified the amulet of Golor {Spirit *Corrode rC++ Will+}
 46505 | Elf:3    | Found the necklace of Bloodlust {Fury *Rage Will++ Int-3
                  | Slay+6}
 46519 | Elf:3    | Identified the staff of Nocich {rF+ Dex+3 Fire}
 46679 | Elf:3    | Got the Almanac of Thunder and Incineration
 46983 | Elf:3    | Noticed Roxanne
 46992 | Elf:3    | Killed Roxanne
 47309 | Elf:3    | Killed Sundig's ghost
 47757 | Vaults:1 | Entered Level 1 of the Vaults
 48641 | Vaults:1 | Noticed Asterion
 48642 | Vaults:1 | Killed Asterion
 48704 | Vaults:1 | Reached skill level 10 in Armour
 49436 | Vaults:2 | Reached XP level 20. HP: 106/115 MP: 53/53
 49511 | Vaults:2 | Found a crumbling gateway.
 49517 | Vaults:2 | Found a white marble altar of Elyvilon.
 49517 | Vaults:2 | Found a glowing golden altar of the Shining One.
 49519 | Vaults:2 | Found a glowing silver altar of Zin.
 49612 | Desolati | Entered the Desolation of Salt
 50043 | Desolati | Identified the ring of Konteoc Zoaj {rF+ Dex+4}
 50070 | Desolati | Identified the staff "Athe" {rElec rF+ rC+ Dex+2 Ice}
 50116 | Desolati | Reached skill level 1 in Transmutations
 50264 | Desolati | Reached skill level 1 in Ice Magic
 50376 | Desolati | Identified the ring "Omiggidy" {Wiz rElec MP+9 Stlth+}
 50380 | Desolati | Identified the +2 short sword of Bofy Kea {venom, Fly
                  | Str+3}
 50577 | Desolati | Identified the +8 quarterstaff "Weogumekh" {drain, *Noise
                  | Will+ Int-2 Dex+7}
 50584 | Desolati | Got the Discursus on Variable Contaminants
 50906 | Vaults:2 | Noticed Boris
 50921 | Vaults:2 | Killed Boris
 51197 | Vaults:2 | Found Gozag's Antique Armour Shop.
 51373 | Vaults:2 | Found an opulent altar of Gozag.
 51376 | Vaults:2 | Found Gozag's Assorted Antiques.
 51379 | Vaults:2 | Found Gozag's Antique Weapon Shop.
 52086 | Vaults:2 | Reached XP level 21. HP: 121/121 MP: 51/54
 52651 | Vaults:3 | Found a staircase to the Crypt.
 52842 | Vaults:3 | Reached skill level 10 in Fighting
 54076 | Vaults:4 | Found Iluffaw's Antique Weapon Shoppe.
 54115 | Vaults:4 | Found Tuukuseps's Magic Scroll Emporium.
 54121 | Vaults:4 | Bought a scroll of teleportation for 48 gold pieces
 54525 | Vaults:4 | Found Qomoet's Assorted Antiques.
 55259 | Vaults:4 | Found a gateway to a bazaar.
 55266 | Bazaar   | Entered a bazaar
 55286 | Bazaar   | Found Ubawops's Armour Emporium.
 55286 | Bazaar   | Found Elorghaid's Antique Weapon Shoppe.
 55308 | Bazaar   | Found Hiyqaof's Armour Shoppe.
 55324 | Bazaar   | Found Ygeucvor's General Store.
 55340 | Bazaar   | Found Ykulohi's Distillery.
 55340 | Bazaar   | Found Zuajeint's Magic Scroll Shoppe.
 55351 | Bazaar   | Bought 3 scrolls of teleportation for 171 gold pieces
 55351 | Bazaar   | Bought a scroll of blinking for 142 gold pieces
 55706 | Slime:1  | Entered Level 1 of the Pits of Slime
 56718 | Slime:2  | Gained mutation: You have sharp toenails. [a shining eye]
 56721 | Slime:2  | Reached XP level 22. HP: 124/130 MP: 55/55
 58307 | Slime:5  | Entered Level 5 of the Pits of Slime
 58347 | Slime:5  | Noticed the Royal Jelly
 58777 | Slime:5  | Killed the Royal Jelly
 59064 | Slime:5  | Got a slimy rune of Zot
 59090 | Slime:5  | Identified the +8 whip "Caxuus" {freeze, Dex+3}
 59144 | Slime:5  | Identified the +4 falchion "Vawer" {flame, rCorr Int+3}
 59149 | Slime:5  | Got the Folio of Geomancy and Phantasms
 59171 | Slime:5  | Learned a level 6 spell: Bombard
 59802 | Depths:1 | Entered Level 1 of the Depths
 60928 | Depths:1 | Found a gateway to Hell.
 61000 | Depths:1 | Found a broken altar of Ashenzari.
 61043 | Depths:1 | Found a one-way gateway to a ziggurat.
 61300 | Depths:2 | Found a one-way gate leading to the halls of Pandemonium.
 61328 | Depths:2 | Noticed a juggernaut
 61329 | Depths:2 | Killed a juggernaut
 61342 | Depths:2 | Reached XP level 23. HP: 134/136 MP: 35/56
 61944 | Depths:2 | Found a shimmering altar of Xom.
 61944 | Depths:2 | Found a shimmering altar of Xom.
 61944 | Depths:2 | Found a shimmering altar of Xom.
 61945 | Depths:2 | Found a shimmering altar of Xom.
 61945 | Depths:2 | Found a shimmering altar of Xom.
 61945 | Depths:2 | Found a shimmering altar of Xom.
 62502 | Depths:3 | Noticed Parghit
 62504 | Depths:3 | Killed Parghit
 62520 | Depths:3 | Noticed Boris
 62526 | Depths:3 | Killed Boris
 62775 | Depths:3 | You are sucked into a shaft and drop 1 floor!
 62775 | Depths:4 | Entered Level 4 of the Depths
 62966 | Depths:3 | Found a corrupted altar of Lugonu.
 62966 | Depths:3 | Found a one-way gate to the infinite horrors of the Abyss.
 63320 | Depths:3 | Noticed a dread lich
 63323 | Depths:3 | Killed a dread lich
 63337 | Depths:3 | Noticed a juggernaut
 63339 | Depths:3 | Killed a juggernaut
 64451 | Depths:4 | Reached skill level 27 in Conjurations
 64713 | Depths:4 | Reached XP level 24. HP: 142/142 MP: 9/56
 65412 | Depths:4 | Found a gate to the Realm of Zot.
 66226 | D:8      | Bought a book of Burglary for 260 gold pieces
 66230 | D:8      | Learned a level 3 spell: Swiftness
 66561 | Vaults:5 | Entered Level 5 of the Vaults
 66629 | Vaults:5 | Noticed a dread lich
 66631 | Vaults:5 | Killed a dread lich
 67049 | Vaults:5 | Noticed an ancient lich
 67052 | Vaults:5 | Killed an ancient lich
 67276 | Vaults:5 | Identified the +3 lajatang of the Morning {drain, *Noise
                  | rElec Will- rCorr}
 67446 | Vaults:5 | Got the Grimoire of the Storm
 67453 | Vaults:5 | Learned a level 5 spell: Freezing Cloud
 67513 | Vaults:5 | Got a silver rune of Zot
 67682 | Vaults:5 | Identified the +4 long sword of Severance {distort, Contam
                  | rElec Will+ Int+3}
 68006 | Vaults:5 | Identified the +6 whip of Turmoil {vamp, rF- rC+ Dex+4}
 68051 | Vaults:5 | Noticed an ancient lich
 68053 | Vaults:5 | Killed an ancient lich
 68187 | Vaults:5 | Found the +1 robe of Vines {NoPotionHeal Regen++++}
 68192 | Vaults:5 | Identified the +3 buckler "Deill" {Int+3}
 68543 | Vaults:5 | Identified the +6 orcbow "Muyrem" {freeze, SInv}
 69371 | Zot:1    | Entered Level 1 of the Realm of Zot
 69588 | Zot:1    | Found a transporter.
 69861 | Zot:1    | Found a transporter.
 70255 | Zot:1    | Found a transporter.
 70366 | Zot:1    | Found a transporter.
 70647 | Zot:2    | Reached XP level 25. HP: 150/150 MP: 49/56
 70976 | Zot:2    | Noticed an orb of fire
 70979 | Zot:2    | Killed an orb of fire
 71857 | Zot:3    | Noticed Grunn
 71859 | Zot:3    | Killed Grunn
 72250 | Zot:3    | Found a transporter.
 72256 | Zot:3    | Found a transporter.
 72838 | Zot:3    | Found a transporter.
 72845 | Zot:3    | Found a transporter.
 72948 | Zot:3    | Identified the +0 great sword of Responsibility {holy,
                  | rElec rCorr Str+4}
 72949 | Zot:3    | Found a transporter.
 72949 | Zot:3    | Identified the ring "Karic" {Ice Fly rCorr Dex-3}
 72951 | Zot:3    | Found a transporter.
 73204 | Zot:3    | Found a transporter.
 73210 | Zot:3    | Found a transporter.
 74102 | Zot:4    | Identified the +1 helmet of the Flute {Harm Str+2}
 74412 | Zot:4    | Reached skill level 15 in Armour
 75261 | Zot:5    | Entered Level 5 of the Realm of Zot
 75885 | Zot:5    | Noticed an ancient lich
 75887 | Zot:5    | Killed an ancient lich
 76101 | Zot:5    | Noticed a Killer Klown
 76101 | Zot:5    | Noticed an orb of fire
 76103 | Zot:5    | Killed a Killer Klown
 76105 | Zot:5    | Killed an orb of fire
 76106 | Zot:5    | Reached XP level 26. HP: 133/160 MP: 34/56
 76309 | Zot:5    | Reached skill level 15 in Fighting
 76309 | Zot:5    | Reached skill level 27 in Fire Magic
 76407 | Zot:5    | Noticed an orb of fire
 76412 | Zot:5    | Killed an orb of fire
 76558 | Zot:5    | Noticed an ancient lich
 76560 | Zot:5    | Killed an ancient lich
 76561 | Zot:5    | Reached skill level 5 in Necromancy
 76574 | Zot:5    | Noticed an ancient lich
 76576 | Zot:5    | Killed an ancient lich
 76593 | Zot:5    | Killed an ancient lich
 77178 | Zot:3    | Identified the +7 shortbow "Fablipuw" {heavy, Str+6 Stlth+}
 78712 | Crypt:1  | Entered Level 1 of the Crypt
 78925 | Crypt:1  | Reached skill level 10 in Necromancy
 80974 | Crypt:3  | Entered Level 3 of the Crypt
 81136 | Crypt:2  | Found a basalt altar of Yredelemnul.
 81216 | Crypt:3  | Noticed Margery
 81220 | Crypt:3  | Killed Margery
 81454 | Crypt:3  | Noticed Mennas
 81455 | Crypt:3  | Killed Mennas
 81456 | Crypt:3  | Reached XP level 27. HP: 168/168 MP: 52/56
 82073 | Crypt:3  | Identified the amulet of Xate {Spirit Stlth+}
 83226 | Crypt:3  | Found a staircase to the Tomb.
 83234 | Crypt:3  | Noticed an ancient lich
 83235 | Crypt:3  | Killed an ancient lich
 83244 | Crypt:3  | Killed a dread lich
 83587 | Crypt:3  | Identified the +1 longbow of the Heavens {freeze, rC+}
 83589 | Crypt:3  | Identified the +11 arbalest of Chance {drain, Dex+4}
 83696 | Tomb:1   | Entered Level 1 of the Tomb of the Ancients
 83780 | Tomb:1   | Reached skill level 15 in Necromancy
 84429 | Tomb:1   | Noticed a royal mummy
 84431 | Tomb:1   | Killed a royal mummy
 84511 | Tomb:1   | Noticed a royal mummy
 84513 | Tomb:1   | Killed a royal mummy
 84805 | Tomb:2   | Noticed a royal mummy
 84805 | Tomb:2   | Noticed a royal mummy
 84806 | Tomb:2   | Noticed a royal mummy
 84807 | Tomb:2   | Noticed a royal mummy
 84810 | Tomb:2   | Killed a royal mummy
 84811 | Tomb:2   | Killed a royal mummy
 84811 | Tomb:2   | Killed a royal mummy
 84812 | Tomb:2   | Killed a royal mummy
 84867 | Tomb:2   | HP: 8/170 [death scarab (6)]
 84867 | Tomb:2   | Slain by a death scarab

Illustrated notes

Levels and vault maps discovered:
D:1:      onia_arrival_pentagram, layout_loops_ring,
          chequers_ecumenical_altar_twisty, minivault_11
D:2:      layout_basic, grunt_decor_fettered, uniq_natasha, uniq_terence,
          uniq_robin
D:3:      layout_loops_ring, nicolae_qazlal_style_of_elements,
          mainiacjoe_overflow_brackets, serial_undead, serial_undead_a,
          serial_undead_e, serial_undead_a, serial_undead_f, serial_undead_b,
          serial_undead_c
D:4:      layout_basic, chequers_temple_overflow_statue_of_worship,
          chequers_serial_rivers_room_a
D:5:      layout_cave_pools, grunt_ministairs_12, dreamdust_princess_corridor,
          corexii_leaking_fountain
D:6:      layout_cave_pods, nemelex_dance_club_becter, glass_columns_b
D:7:      layout_basic, minmay_temple_entry_mist
D:8:      layout_basic, serial_shops, shop, shop, shop, nicolae_shop_mannequins,
          nicolae_shop_tiny_glass, minmay_misc_feat_more_columns, uniq_joseph
D:9:      wad_cavern_with_rooms, layout_long_grid, erik_lair_orcish_takeover,
          david_orc_4, enter_bailey_2, uniq_psyche
D:10:     layout_roguey, nicolae_overflow_crystal_walls, lemuel_crystal_altar,
          uniq_erica
D:11:     layout_basic, uniq_urug
D:12:     layout_basic
D:13:     layout_loops_corners, erik_vaults_1, hex_medium, minmay_misc_feat_tiny
D:14:     layout_layer_cave, chequers_decorated_corner, minmay_misc_feat_five,
          serial_library_regret_index_branch_corner, fedhas_altar_fruit_tree
D:15:     grunt_enter_depths_hoard, layout_basic, nicolae_sif_muna_condensation,
          serial_park_tiny_pond, uniq_nessos, uniq_josephine
Temple:   hellmonk_temple_divided_pantheon
Lair:1:   layout_cave_pods, gauntlet_entry_generic, grunt_megastairs_4
Lair:2:   layout_gridlike, fungi_pond_lemuel, infiniplex_staircase_pool,
          lemuel_fruit_tree
Lair:3:   layout_regular_city, elwin_shoals_entry_rooms,
          minmay_snake_entry_six_corridors, portal_ice_cave_rime,
          nicolae_volcano_entry_lava_flow, serial_bayou_shore_a
Lair:4:   layout_regular_city
Lair:5:   due_jungle_book, layout_cave_pods, slime_entry_1
Shoals:1: layout_shoals, nicolae_shoals_undead_eyrie
Shoals:2: layout_shoals
Shoals:3: layout_shoals, uniq_jorgrun
Shoals:4: shoals_end_hangedman, layout_shoals, uniq_nikola
Snake:1:  layout_cave_pods, minmay_shop_star
Snake:2:  layout_onion_interference, serial_shops,
          nicolae_shop_bloodbath_and_beyond, hangedman_snake_thin_pillar_pass,
          grunt_megastairs_5
Snake:3:  layout_basic, nicolae_coiled_stairwell_down, serial_bayou_shore_b
Snake:4:  johnstein_snake_rune_scales, layout_cave_town,
          nicolae_shop_overcharged_wands, uniq_mlioglotl, uniq_kirke
Slime:1:  nicolae_slime_infinislime, layout_caves
Slime:2:  layout_caves
Slime:3:  layout_caves
Slime:4:  layout_caves
Slime:5:  slime_pit
Orc:1:    layout_caves
Orc:2:    grunt_orc_cross, layout_diamond_mine, minmay_orc_treasury
Elf:1:    layout_loops_ring, hangedman_elf_disciples
Elf:2:    elven_hall_of_blades_hangedman_alternative
          [mumra_blade_entry_bloodbath], layout_geoelf_octagon,
          nicolae_elf_glass_and_crystal_pillar_1
Elf:3:    grunt_elf_hall_diamonds, layout_onion_city, basic_altar,
          hellmonk_ghost_big_iron, serial_shops, nicolae_shop_peninsula,
          nicolae_elf_free_trip_to_the_abyss, uniq_roxanne
Vaults:1: ontoclasm_vaults_idyll, hangedman_vaults_locks, v_misc_30,
          nicolae_vaults_house_3, v_misc_12, ontoclasm_vaults_ligature,
          nicolae_vaults_trapezoid_4, nicolae_vaults_tetromino_Z_1,
          layout_vaults_omnigrid, uniq_asterion
Vaults:2: portal_desolation_entry_holy_temple, hangedman_vaults_snaps,
          nicolae_vaults_theta, nicolae_vaults_trapezoid_4,
          vaults_mumra_chevron_long, nicolae_vaults_trapezoid_2, v_rooms_1,
          kennysheep_vaults_gozag_temple, vaults_dpeg_diagonal,
          nicolae_vaults_two_Ls, nicolae_vaults_shelves_hall,
          nicolae_vaults_tetromino_Z_1, nicolae_vaults_six-pack,
          vaults_room_corners, layout_vaults_big_room, uniq_boris
Vaults:3: nicolae_vaults_big_angled_halls, vaults_room_hallway, v_alt_pattern_6,
          minmay_crypt_entry_simple_plaza, hangedman_vaults_hat, v_misc_1,
          nicolae_vaults_network_s, nicolae_vaults_trapezoid_3,
          nicolae_vaults_little_squares_5, nicolae_vaults_storage_room_glass,
          vaults_standard_mumra_enter_the_diamond, serial_ice_h,
          nicolae_vaults_diamond_1, vaults_dpeg_hooks,
          nicolae_vaults_trapezoid_4, layout_vaults_ring
Vaults:4: nicolae_vaults_little_squares_6, grunt_vaults_swirl, v_alt_pattern_3,
          nicolae_vaults_more_shelving_1, nicolae_vaults_closet_pinwheel_2,
          nicolae_vaults_cornered_office, grunt_vaults_twisty,
          hangedman_vaults_maws, nicolae_vaults_diamond_2,
          ontoclasm_vaults_decontamination, ontoclasm_vaults_loading_screen,
          nicolae_vaults_ring_of_whatevers, nicolae_vaults_house_1, v_misc_17,
          vaults_room_pools, nicolae_vaults_house_2, layout_vaults_omnicross,
          serial_shops, bzr_entry_safe, nicolae_lakefront_shop,
          nicolae_shop_statue_plus, nicolae_shop_behind_doors
Vaults:5
Crypt:1:  layout_catacombs
Crypt:2:  layout_gridlike, eino_tiny_chamber, nicolae_crypt_little_mausoleum,
          grunt_megastairs_1, lemuel_upstairs_altar
Crypt:3:  quadcrypt_mu, uniq_mennas, uniq_margery
Tomb:1
Tomb:2
Depths:1: layout_honeycomb, enter_ziggurat_b, grunt_hell_horde,
          nicolae_ashenzari_panopticon, kennysheep_generic_room_15
Depths:2: minmay_central_circle, layout_cave_shapes, serial_sigils,
          serial_sigils_hangedman_etch, serial_sigils_hangedman_shear,
          serial_sigils_hangedman_writhe, serial_sigils_hangedman_gnaw,
          pf_vacation_house_of_asmodeus, pan_entry, xom_redecorated
Depths:3: thingy_vault, layout_cave_shapes, serial_sigils_hangedman_quiver,
          abyss_entry_flame_altar, hell_entry, nzn_random_ring, uniq_parghit
Depths:4: grunt_twist_and_shout, layout_gridlike, hell_entry,
          minmay_room_of_horrors, chequers_serial_rivers_micro_a,
          infiniplex_staircase_pool_lava
Zot:1:    layout_gridlike, nicolae_diode_intersection
Zot:2:    layout_twisted_circle, regret_index_zotdec_twisting_globes,
          lemuel_golem_globe
Zot:3:    gammafunk_sealed_arena, layout_cathedral_of_symmetry,
          serial_nicolae_subway, nicolae_sub_station_crystal,
          nicolae_sub_station_metal, nicolae_sub_station_stone, uniq_grunn
Zot:4:    layout_gridlike, bh_zot_lava_cross, grunt_megastairs_3
Zot:5:    layout_misc_corridors, bh_zot_levy_curve, grunt_ministairs_9

Skill      XL: |  1  2  3  4  5  6  7  8  9 10 11 12 13 14 15 16 17 18 19 20 21 22 23 24 25 26 27 |
---------------+----------------------------------------------------------------------------------+-----
Spellcasting   | 5 6 7 8 10 12 14 16 18 20 21 23 24 26 27 | 27.0
Fighting       | 1 2 3 4 5 6 7 8 9 11 12 13 14 16 | 16.8
Armour         | 1 2 3 4 5 6 7 8 10 11 12 14 15 16 17 | 17.3
Conjurations   | 2 3 4 5 7 8 9 11 12 13 14 15 16 18 20 22 23 25 27 | 27.0
Stealth        | 3 |  3.0
Dodging        | 3 |  3.0
Evocations     | 1 |  1.0
Poison Magic   | 1 |  1.0
Air Magic      | 1 |  1.0
Fire Magic     | 1 3 4 6 7 9 10 11 12 14 15 16 17 18 19 20 21 22 24 26 27 | 27.0
Earth Magic    | 1 |  1.0
Shields        | 3 5 6 |  6.0
Necromancy     | 1 12 17 | 17.9
Transmutations | 2 |  2.0
Ice Magic      | 1 |  1.0
Summonings     | |  1.1
Translocations | |  1.1

Action                     |  1- 3 |  4- 6 |  7- 9 | 10-12 | 13-15 | 16-18 | 19-21 | 22-24 | 25-27 || total
---------------------------+-------+-------+-------+-------+-------+-------+-------+-------+-------++-------
  Melee: Dagger            |    19 |    25 |    44 |     7 |       |       |       |       |       ||    95
         Punch             |       |       |     1 |     2 |     2 |       |       |       |       ||     5
         Short sword       |       |       |       |    23 |       |       |       |       |       ||    23
         Rapier            |       |       |       |    11 |    13 |       |       |       |       ||    24
         Hand axe          |       |       |       |       |     2 |       |       |       |       ||     2
         Staff             |       |       |       |       |     1 |     1 |    43 |     1 |       ||    46
   Cast: Magic Dart        |    65 |   115 |       |    21 |     4 |     2 |       |     1 |       ||   208
         Mephitic Cloud    |     3 |     3 |    16 |    24 |       |       |       |       |       ||    46
         Call Imp          |     1 |     1 |       |     3 |       |       |     1 |     1 |       ||     7
         Foxfire           |       |    39 |   296 |   208 |     6 |     1 |       |       |       ||   550
         Blink             |       |     2 |     3 |     2 |     7 |       |     7 |     3 |     6 ||    30
         Stone Arrow       |       |       |     5 |   128 |    72 |    82 |    20 |     3 |       ||   310
         Starburst         |       |       |       |    52 |   128 |    19 |    27 |     2 |     2 ||   230
         Fireball          |       |       |       |       |   297 |   424 |   351 |   107 |    27 ||  1206
         Lee's Rapid Decon |       |       |       |       |       |     3 |    43 |       |       ||    46
         Orb of Destructio |       |       |       |       |       |    32 |    14 |    16 |     1 ||    63
         Ignition          |       |       |       |       |       |     3 |    40 |    31 |     2 ||    76
         Fire Storm        |       |       |       |       |       |       |    24 |   248 |   357 ||   629
         Bombard           |       |       |       |       |       |       |       |    18 |    14 ||    32
         Swiftness         |       |       |       |       |       |       |       |     2 |     3 ||     5
  Evoke: Wand              |       |       |       |     1 |       |     3 |       |       |       ||     4
    Use: Scroll            |       |       |       |    14 |     7 |    13 |     1 |       |     5 ||    40
         Potion            |       |       |       |       |       |       |       |       |     4 ||     4
   Stab: Sleeping          |     1 |       |       |       |       |       |       |       |       ||     1
         Confused          |     1 |     1 |     4 |     4 |       |       |       |       |       ||    10
 Armour: Robe              |     6 |    14 |       |       |       |       |       |       |       ||    20
         Leather armour    |       |    29 |    70 |   118 |   154 |    83 |    68 |    33 |       ||   555
         Ice dragon scales |       |       |       |       |       |       |       |    18 |    68 ||    86
  Dodge: Dodged            |    10 |    58 |    49 |    84 |   138 |    23 |    16 |     8 |     4 ||   390
  Block: Buckler           |       |       |       |       |    20 |    32 |    59 |    17 |    16 ||   144
         Reflection        |       |       |       |       |     3 |     8 |    21 |     2 |       ||    34

Table legend: (Time is in decaauts)
 A = Elapsed time spent in this place.
 B = Non-inter-level travel time spent in this place.
 C = Inter-level travel time spent in this place.
 D = Time resting spent in this place.
 E = Time spent auto-exploring this place.
 F = Levels seen in this place.
 G = Mean time per level.
                   A        B        C        D        E       F      G
               +--------+--------+--------+--------+--------+-----+--------+
         Total |  85057 |  76947 |   8110 |  10648 |  54412 |  63 | 1350.1 |
       Dungeon |  20873 |  16865 |   4008 |    787 |  13685 |  15 | 1391.5 |
        Temple |    365 |    328 |     37 |      0 |      0 |   1 |  365.0 |
          Lair |   7492 |   6547 |    945 |    497 |   5179 |   5 | 1498.4 |
        Shoals |   5024 |   4821 |    203 |    850 |   3316 |   4 | 1256.0 |
     Snake Pit |   5876 |   5579 |    297 |   1205 |   3462 |   4 | 1469.0 |
    Slime Pits |   3695 |   3407 |    288 |    391 |   2495 |   5 |  739.0 |
  Orcish Mines |   3004 |   2833 |    171 |    735 |   1650 |   2 | 1502.0 |
   Elven Halls |   5216 |   4964 |    252 |    818 |   3416 |   3 | 1738.7 |
        Vaults |   9005 |   8220 |    785 |    796 |   6438 |   5 | 1801.0 |
         Crypt |   4983 |   4779 |    204 |    600 |   3707 |   3 | 1661.0 |
          Tomb |   1190 |   1182 |      8 |    358 |    482 |   2 |  595.0 |
        Depths |   6347 |   5914 |    433 |   1013 |   4159 |   4 | 1586.8 |
           Zot |   7889 |   7414 |    475 |   2306 |   3895 |   5 | 1577.8 |
        Bazaar |    102 |    102 |      0 |      0 |     85 |   1 |  102.0 |
        Bailey |    837 |    837 |      0 |      2 |    643 |   1 |  837.0 |
      Ice Cave |   1295 |   1295 |      0 |      0 |    956 |   1 | 1295.0 |
    Desolation |   1269 |   1269 |      0 |    147 |    783 |   1 | 1269.0 |
      Gauntlet |    586 |    586 |      0 |    143 |     61 |   1 |  586.0 |
               +--------+--------+--------+--------+--------+-----+--------+

Top non-repeatable levels by time:
 Crypt:3: 2546 daAuts
     D:9: 2455 daAuts
  Lair:5: 2107 daAuts
   Elf:3: 2093 daAuts
 Snake:4: 1965 daAuts
Vaults:4: 1956 daAuts
   Zot:2: 1953 daAuts
Vaults:2: 1949 daAuts
Vaults:1: 1915 daAuts
Depths:3: 1908 daAuts
   Elf:2: 1892 daAuts
    D:11: 1790 daAuts
 Snake:3: 1786 daAuts
   Zot:5: 1775 daAuts
   Orc:2: 1740 daAuts
